 Dungeon Crawl Stone Soup version 0.29.1-15-g9cfb28693d (webtiles) character file.

Game seed: 8420271455578288270

87 javelincjr the Magician (level 4, 0/30 HPs)
             Began as a Demonspawn Hedge Wizard on Apr 7, 2023.
             Slain by a gnoll
             ... wielding a +0 spear
              (4 damage)
             ... on level 3 of the Dungeon.
             The game lasted 00:08:31 (2624 turns).

javelincjr the Magician (Demonspawn Hedge Wizard)   Turns: 2624, Time: 00:08:32

Health: 0/30       AC:  6    Str: 12    XL:     4   Next: 28%
Magic:  8/9        EV: 12    Int: 15    God:
Gold:   84         SH:  0    Dex: 13    Spells: 4/9 levels left

rFire   . . .      SeeInvis .   a - +0 dagger
rCold   . . .      Faith    .   (no shield)
rNeg    . . .      Spirit   .   b - +0 robe
rPois   .          Reflect  .   c - +0 hat
rElec   .          Harm     .   (no cloak)
rCorr   .          Rampage  .   (no gloves)
Will    .....                   (no boots)
Stlth   ++........              k - amulet of magic regeneration
HPRegen 0.10/turn               j - +4 ring of slaying
MPRegen 0.62/turn               n - +4 ring of protection

@: very slightly contaminated
A: magic regeneration, demonic magic 1
a: no special abilities


You were on level 3 of the Dungeon.
You visited 1 branch of the dungeon, and saw 3 of its levels.

You collected 84 gold pieces.

Inventory:

Hand Weapons
 a - a +0 dagger (weapon)
 e - a +1 antimagic mace
Armour
 b - a +0 robe (worn)
 c - a +0 hat (worn)
Jewellery
 j - a +4 ring of slaying (left hand)
 k - an amulet of magic regeneration (around neck)
 n - a +4 ring of protection (right hand)
 o - a ring of fire
Scrolls
 g - 2 scrolls of identify {unknown}
 h - a scroll of fog {unknown}
 i - a scroll of teleportation {unknown}
 l - a scroll of noise {unknown}
 q - a scroll of amnesia {unknown}
Potions
 d - 2 potions of magic
 f - a potion of haste {unknown}
 m - a potion of curing {unknown}
 p - a potion of cancellation {unknown}
 r - a potion of flight {unknown}


   Skills:
 + Level 2.3 Dodging
 + Level 2.3 Stealth
 + Level 3.4 Spellcasting
 + Level 1.8 Conjurations
 + Level 1.8 Summonings
 + Level 1.6 Translocations


You had 4 spell levels left.
You knew the following spells:

 Your Spells              Type           Power      Damage    Failure   Level
a - Magic Dart            Conj           28%        1d4       10%         1
b - Blink                 Tloc           14%        N/A       14%         2
c - Call Imp              Summ           7%         N/A       14%         2

Your spell library contained the following spells:

 Spells                   Type           Power      Damage    Failure   Level
 Slow                     Hex            8%         N/A       19%         1
 Conjure Flame            Conj/Fire      5%         6-21      36%         3
 Mephitic Cloud           Conj/Pois/Air  4%         N/A       41%         3
 Hailstorm                Conj/Ice       5%         3d4       78%         4
 Ice Form                 Ice/Tmut       2%         N/A       88%         4
 Simulacrum               Ice/Necr       1%         N/A       100%        6
 Malign Gateway           Summ/Tloc      3%         N/A       100%        7
 Summon Horrible Things   Summ           3%         N/A       100%        8


Dungeon Overview and Level Annotations

Branches:
Dungeon (3/15)

Altars:

Shops:
D:1 =[=   D:2 =   D:3 =

Annotations:
D:3 Ijyb


Innate Abilities, Weirdness & Mutations

You regenerate magic rapidly.
Spells you cast may paralyse adjacent enemies.


Message History

You kill the bat!
The gnoll hits you from afar with a +0 spear.
Casting: Magic Dart (safe; 10% risk of failure)
Confirm with . or Enter, or press ? or * to list all spells.
Aiming: Magic Dart (safe; 10% risk of failure)
Press: ? - help, Shift-Dir - straight line, f - jackal
Aim: a jackal (100% to hit)
The magic dart hits the jackal.
The jackal is moderately wounded.
Malevolent energies surge around you.
The jackal suddenly stops moving!
The gnoll completely misses you.
The helpless jackal fails to defend itself.
You puncture the jackal!
You kill the jackal!
The gnoll hits you from afar with a +0 spear.
Casting: Magic Dart (safe; 10% risk of failure)
Confirm with . or Enter, or press ? or * to list all spells.
Aiming: Magic Dart (safe; 10% risk of failure)
Press: ? - help, Shift-Dir - straight line, f - jackal
Aim: a jackal (100% to hit)
You miscast Magic Dart.
You are very lightly contaminated with residual magic.
Nothing appears to happen.
The jackal closely misses you.
The gnoll hits you from afar with a +0 spear.
You hit the jackal.
The jackal is severely wounded.
The jackal closely misses you.
The gnoll hits you from afar with a +0 spear!
* * * LOW HITPOINT WARNING * * *
The jackal bites you but does no damage.
Casting: Magic Dart (safe; 10% risk of failure)
Confirm with . or Enter, or press ? or * to list all spells.
Aiming: Magic Dart (safe; 10% risk of failure)
Press: ? - help, Shift-Dir - straight line, f/p - jackal
Aim: a jackal (severely wounded, 100% to hit)
The magic dart hits the jackal but does no damage.
The jackal is severely wounded.
Malevolent energies surge around you.
The jackal suddenly stops moving!
The gnoll hits you from afar with a +0 spear.
You die...

####..............#
######....###.....<....#
###......###.......[######
ยง............####...#
...########### #.### ####
##.# #..# #.## ##
##########@# ...
#........#h#
#.##........gw#
#..#........<##
#.........[.# #........##
#..<....... .. #......>...
..o####..........


You could see a worm, a gnoll and a jackal (paralysed).

Vanquished Creatures
  An orc wizard (D:3)
  An adder (D:2)
  A worm (D:2)
  A dart slug (D:2)
  3 orcs (D:3)
  4 endoplasms
  A giant cockroach (D:1)
  3 goblins
  4 hobgoblins
  6 jackals
  5 kobolds
  2 ball pythons (D:1)
  4 bats
  5 frilled lizards
  A rat (D:2)
42 creatures vanquished.

Vanquished Creatures (collateral kills)
  An endoplasm (D:3)
1 creature vanquished.

Vanquished Creatures (others)
  A fungus (D:3)
  A plant (D:3)
2 creatures vanquished.

Grand Total: 45 creatures vanquished

Notes
Turn   | Place    | Note
-------+----------+-------------------------------------------
     0 | D:1      | javelincjr the Demonspawn Hedge Wizard began the quest for
                  | the Orb.
     0 | D:1      | Reached XP level 1. HP: 13/13 MP: 4/4
   162 | D:1      | Reached skill level 1 in Translocations
   191 | D:1      | Found Buxzi's Jewellery Shoppe.
   382 | D:1      | Gained mutation: Spells you cast may paralyse adjacent
                  | enemies. [demonic ancestry]
   382 | D:1      | Reached XP level 2. HP: 19/19 MP: 3/6
   438 | D:1      | Found Hotoo's Antique Armour Shoppe.
   516 | D:1      | Found Ihek's Jewellery Shop.
  1459 | D:2      | Found a faded altar of an unknown god.
  1481 | D:2      | Gained mutation: You regenerate magic rapidly. [demonic
                  | ancestry]
  1481 | D:2      | Reached XP level 3. HP: 24/24 MP: 5/7
  1549 | D:2      | Found Icipha's Jewellery Shop.
  2059 | D:2      | Learned a level 2 spell: Blink
  2062 | D:2      | Learned a level 2 spell: Call Imp
  2179 | D:3      | Found Ostrydy's Jewellery Shop.
  2318 | D:3      | Noticed Ijyb
  2605 | D:3      | Reached XP level 4. HP: 20/30 MP: 7/9
  2624 | D:3      | Slain by a gnoll

Illustrated notes

Levels and vault maps discovered:
D:1:      co_arrival_square_in_a_square_in_a_square, layout_basic, serial_shops,
          nicolae_shop_window_shopping, nicolae_shop_window_shopping,
          nicolae_shop_advertising_works [nicolae_subvault_shop_adworks]
D:2:      layout_basic, hellmonk_ecumenical_altar_blasted, serial_shops,
          nicolae_lakefront_shop
D:3:      lemuel_castle_with_subvaults [lemuel_castle_interior_carwin_3],
          layout_rooms, lemuel_crystal_altar, serial_shops, shop, shop,
          shop_statue, uniq_ijyb

Skill      XL: |  1  2 |
---------------+-------+-----
Translocations | 1 |  1.6
Dodging        | 2 |  2.3
Stealth        | 2 |  2.3
Spellcasting   | |  3.4
Conjurations   | |  1.8
Summonings     | |  1.8

Action                   |  1- 3 |  4- 6 || total
-------------------------+-------+-------++-------
Melee: Dagger            |    22 |    11 ||    33
 Cast: Magic Dart        |   114 |     8 ||   122
       Call Imp          |     6 |       ||     6
 Stab: Paralysed         |     9 |     4 ||    13
Armor: Robe              |     9 |    10 ||    19
Dodge: Dodged            |    15 |    14 ||    29
